General information
- name: BNet
- type: Ladder team game (AT/RT)
- host: Battle.net
- saver: iggy_the_fisk
map: Avalanche
- players: 4
- length: 15:52
- speed: Fast
- version: 1.21 W3XP
- replay type:

» download(90 KB)
Players
team 1 (loser)
questofmeatball (
teal | 93 APM | 1469 actions | 15:50)
3 Far Seer
2 Feral Spirit
1 Chain Lighting
2 Shadow Hunter
1 Hex
1 Healing Wave
» actions
| Assign group hotkey | 38 | |
| Basic commands | 2 | |
| Build / train | 46 | |
| ESC pressed | 1 | |
| Enter build submenu | 12 | |
| Enter hero's abilities submenu | 6 | |
| Right click | 682 | |
| Select / deselect | 315 | |
| Select group hotkey | 288 | |
| Use ability | 76 | |
1469 total
» units
| Peon | 9 | |
| Grunt | 6 | |
| Raider | 6 | |
| Wind Rider | 2 | |
| Troll Batrider | 1 | |
| Spirit Walker | 1 | |
25 total
» upgrades
| Ensnare | 1 | |
| Spirit Walker Training | 1 | |
2 total
» buildings
| Altar of Storms | 1 | |
| Orc Burrow | 4 | |
| Barracks | 1 | |
| Stronghold | 1 | |
| Voodoo Lounge | 1 | |
| Beastiary | 2 | |
| Spirit Lodge | 1 | |
11 total
» build order
00:06 Altar of Storms
00:19 Orc Burrow
00:36 Barracks
01:28 Orc Burrow
03:06 Stronghold
03:14 Voodoo Lounge
04:56 Orc Burrow
05:38 Beastiary
05:39 Beastiary
06:36 Orc Burrow
11:20 Spirit Lodge
» items
| Healing Salve | 3 | |
| Lesser Clarity Potion | 1 | |
| Scroll of Town Portal | 3 | |
| Scroll of Speed | 3 | |
| Potion of Healing | 1 | |
11 total
Red_Newbie (
purple | 56 APM | 865 actions | 15:29)
2 Blood Mage
1 Flame Strike
1 Siphon Mana
1 Mountain King
1 Storm Bolt
» actions
| Build / train | 65 | |
| Enter build submenu | 27 | |
| Enter hero's abilities submenu | 4 | |
| Remove unit from queue | 11 | |
| Right click | 450 | |
| Select / deselect | 267 | |
| Use ability | 41 | |
865 total
» units
| Peasant | 16 | |
| Footman | 11 | |
| Rifleman | 4 | |
| Priest | 3 | |
| Sorceress | -3 | |
| Mortar Team | 5 | |
| Spell Breaker | 3 | |
39 total
» upgrades
| Gunpowder | 1 | |
| Priest Training | 1 | |
2 total
» buildings
| Altar of Kings | 1 | |
| Farm | 10 | |
| Barracks | 1 | |
| Scout Tower | 5 | |
| Arcane Tower | 2 | |
| Keep | 2 | |
| Town Hall | 1 | |
| Lumber Mill | 1 | |
| Guard Tower | 6 | |
| Arcane Sanctum | 2 | |
| Blacksmith | 1 | |
| Workshop | 1 | |
| Arcane Vault | 1 | |
34 total
» build order
00:09 Altar of Kings
00:10 Farm
00:23 Barracks
00:48 Farm
01:26 Scout Tower
01:52 Arcane Tower
01:52 Arcane Tower
01:57 Farm
02:41 Farm
03:49 Scout Tower
04:31 Keep
04:31 Keep
06:21 Town Hall
06:51 Scout Tower
07:15 Lumber Mill
08:08 Guard Tower
08:08 Guard Tower
08:29 Arcane Sanctum
08:33 Blacksmith
09:18 Scout Tower
09:19 Scout Tower
09:29 Workshop
09:40 Guard Tower
09:41 Guard Tower
09:44 Guard Tower
09:45 Guard Tower
09:57 Farm
10:00 Farm
10:34 Arcane Vault
10:41 Farm
11:16 Arcane Sanctum
11:48 Farm
14:25 Farm
14:29 Farm
team 2 (winner)

»
dirtmcwordup (
yellow | 109 APM | 1729 actions | 15:51)
4 Warden
2 Shadow Strike
2 Blink
2 Keeper of the Grove
1 Entangling Roots
1 Thorns Aura
» actions
| Assign group hotkey | 24 | |
| Basic commands | 78 | |
| Build / train | 48 | |
| ESC pressed | 1 | |
| Enter build submenu | 13 | |
| Enter hero's abilities submenu | 6 | |
| Right click | 708 | |
| Select / deselect | 229 | |
| Select group hotkey | 560 | |
| Use ability | 62 | |
1729 total
» units
| Wisp | 11 | |
| Huntress | 6 | |
| Dryad | 3 | |
| Druid of the Claw | 2 | |
22 total
» upgrades
| Druid of the Claw Training | 2 | |
| Abolish Magic | 1 | |
| Well Spring | 1 | |
| Ultravision | 1 | |
| Mark of the Claw | 1 | |
| Strength of the Wild | 1 | |
| Reinforced Hides | 1 | |
8 total
» buildings
| Altar of Elders | 1 | |
| Moon Well | 7 | |
| Hunter's Hall | 1 | |
| Ancient of War | 1 | |
| Tree of Ages | 1 | |
| Ancient of Lore | 2 | |
| Ancient of Wonders | 1 | |
| Tree of Eternity | 1 | |
15 total
» build order
00:03 Altar of Elders
00:21 Moon Well
01:20 Hunter's Hall
01:38 Ancient of War
02:02 Moon Well
02:17 Moon Well
03:12 Tree of Ages
05:37 Ancient of Lore
05:38 Ancient of Lore
05:44 Ancient of Wonders
06:28 Moon Well
06:37 Tree of Eternity
13:27 Moon Well
13:29 Moon Well
14:27 Moon Well
» items
| Scroll of Town Portal | 2 | |
| Staff of Preservation | 2 | |
| Orb of Venom | 1 | |
| Potion of Healing | 2 | |
7 total

»
iggy_the_fisk (
red | 95 APM | 1502 actions | 15:52)
4 Archmage
2 Summon Water Elemental
2 Brilliance Aura
4 Mountain King
2 Storm Bolt
2 Bash
» actions
| Assign group hotkey | 65 | |
| Basic commands | 35 | |
| Build / train | 69 | |
| Enter build submenu | 22 | |
| Enter hero's abilities submenu | 8 | |
| Give item / drop item | 1 | |
| Right click | 786 | |
| Select / deselect | 280 | |
| Select group hotkey | 184 | |
| Use ability | 52 | |
1502 total
» units
| Peasant | 8 | |
| Footman | 13 | |
| Sorceress | 8 | |
| Priest | 8 | |
| Spell Breaker | 1 | |
38 total
» upgrades
| Sorceress Training | 2 | |
| Priest Training | 2 | |
| Defend | 1 | |
| Swords | 1 | |
6 total
» buildings
| Altar of Kings | 1 | |
| Barracks | 1 | |
| Farm | 7 | |
| Scout Tower | 1 | |
| Keep | 1 | |
| Arcane Tower | 1 | |
| Arcane Vault | 1 | |
| Arcane Sanctum | 3 | |
| Castle | 2 | |
| Blacksmith | 1 | |
| Lumber Mill | 1 | |
| Workshop | 1 | |
21 total
» build order
00:20 Altar of Kings
00:35 Barracks
00:50 Farm
01:06 Farm
01:45 Farm
01:58 Scout Tower
02:56 Keep
03:08 Arcane Tower
03:48 Arcane Vault
04:30 Farm
05:21 Arcane Sanctum
05:23 Arcane Sanctum
05:50 Arcane Sanctum
05:57 Farm
07:02 Farm
09:53 Castle
10:03 Castle
10:41 Farm
10:43 Blacksmith
14:42 Lumber Mill
14:57 Workshop
» items
| Scroll of Regeneration | 1 | |
| Scroll of Town Portal | 1 | |
| Staff of Sanctuary | 1 | |
| Potion of Healing | 2 | |
| Potion of Mana | 1 | |
6 total
Chat log
(00:04 / Allies) iggy_the_fisk: lmao
(00:06 / Allies) iggy_the_fisk: red_newbie
(00:08 / Allies) iggy_the_fisk: hangs in lljk
(00:11 / Allies) dirtmcwordup: yeah?
(00:12 / Allies) iggy_the_fisk: gets hit on by infidel.
(00:15 / Allies) dirtmcwordup: haha
(00:17 / Allies) dirtmcwordup: is he abd.
(00:21 / Allies) iggy_the_fisk: dunno
(00:27 / Allies) iggy_the_fisk: leader of some clan
(00:28 / All) dirtmcwordup: gl hf....
(00:29 / Allies) iggy_the_fisk: says we looked bad
(00:32 / All) Red_Newbie: ;)
(00:37 / All) dirtmcwordup: ?
(00:41 / Allies) iggy_the_fisk: doesn't think this clan towa got the chops
(00:57 / Allies) dirtmcwordup: lets own & pwn...
(02:52 / Allies) iggy_the_fisk: they fe
(03:00 / Allies) dirtmcwordup: fe?
(03:03 / Allies) dirtmcwordup: opjh
(03:08 / Allies) dirtmcwordup: hurry
(03:09 / Allies) dirtmcwordup: jack
(03:26 / All) Red_Newbie: mh?
(03:30 / Allies) iggy_the_fisk: lmbo
(04:10 / Allies) dirtmcwordup: out
(04:14 / All) Red_Newbie: nice maphack
(04:18 / All) Red_Newbie: peice of shit sobs
(04:20 / All) dirtmcwordup: lmfao
(04:23 / All) iggy_the_fisk: LmbO
(05:33 / Allies) dirtmcwordup: i gotta tp
(06:46 / Allies) dirtmcwordup: lets hit before towers get up
(06:53 / Allies) iggy_the_fisk: kk
(06:57 / Allies) dirtmcwordup: go
(07:05 / Allies) dirtmcwordup: buying tp
(08:40 / All) iggy_the_fisk: thx for ankh
(11:40 / Allies) iggy_the_fisk: wards
(11:45 / Allies) dirtmcwordup: a sweet
(12:09 / Allies) dirtmcwordup: no expo still
(12:13 / Allies) iggy_the_fisk: yah
(12:22 / Allies) iggy_the_fisk: cause of amazing mh
(12:28 / Allies) iggy_the_fisk: lmao
(12:30 / All) Red_Newbie: 4th time
(12:32 / All) Red_Newbie: definitly mh
(12:55 / Allies) iggy_the_fisk: lmao
(13:02 / Allies) iggy_the_fisk: more wards
(13:04 / Allies) iggy_the_fisk: yea
(13:21 / Allies) dirtmcwordup: orc tp home probably
(14:07 / Allies) dirtmcwordup: hitting orc
(14:52 / Allies) dirtmcwordup: get a few mort
(15:17 / Allies) dirtmcwordup: dont fight at well
(15:37 / All) iggy_the_fisk: lmfao